 Dungeon Crawl Stone Soup version 0.23.2-33-g5129a83184 (webtiles) character file.

Game seed: 6803442058498414024

40996 Noglodyte the Peltast (level 13, -26/113 HPs)
             Began as a Minotaur Fighter on July 1, 2019.
             Was the Champion of the Shining One.
             Annihilated by an orc warrior
             ... wielding a +0 long sword
              (31 damage)
             ... on level 2 of the Orcish Mines.
             The game lasted 01:09:39 (17069 turns).

Noglodyte the Peltast (Minotaur Fighter)           Turns: 17069, Time: 01:09:39

Health: -26/113    AC: 16    Str: 29    XL:     13   Next: 77%
Magic:  11/16      EV:  8    Int:  5    God:    the Shining One [******]
Gold:   1164       SH: 15    Dex: 16    Spells: 12/12 levels left

rFire    + . .     SeeInvis +   e - +4 flail
rCold    x . .     Gourm    +   c - +0 shield
rNeg     + + +     Faith    .   g - +1 plate armour
rPois    +         Spirit   .   (helmet restricted)
rElec    +         Reflect  .   z - scarf {cloud immunity}
rCorr    .         Harm     .   (no gloves)
MR       .....                  G - +0 pair of boots
Stlth    ..........             R - amulet of Makhleb's Wrath {Gourm *Corrode rPois rN+ Dex+4}
HPRegen  0.28/turn              h - ring of see invisible
MPRegen  0.15/turn              o - ring of Zuogicuy {Fire +Inv rElec}

@: mighty, berserk cooldown, hasted and slowed, glowing
A: retaliatory headbutt, horns 2
a: Divine Shield, Cleansing Flame, Summon Divine Warrior, Brand Weapon With Holy
Wrath, Renounce Religion, Evoke Invisibility


You were on level 2 of the Orcish Mines.
You worshipped the Shining One.
The Shining One was exalted by your worship.
You were very full.

You visited 2 branches of the dungeon, and saw 17 of its levels.

You collected 1164 gold pieces.

Inventory:

Hand Weapons
 e - a +4 flail (weapon)
 H - a +1 mace of protection
 O - a +0 great mace
Missiles
 E - 20 tomahawks (quivered)
 Q - 8 large rocks
Armour
 c - a +0 shield (worn)
 g - a +1 plate armour (worn)
 z - a scarf of cloud immunity (worn)
 D - a +4 ring mail of fire resistance
 G - a +0 pair of boots (worn)
 M - +0 acid dragon scales
Magical Staves
 m - an uncursed staff of cold
Jewellery
 a - a +3 ring of intelligence
 h - a ring of see invisible (left hand)
 o - the ring of Zuogicuy (right hand) {Fire +Inv rElec}
   (You found it on level 13 of the Dungeon)

   [ring of fire]

   It enhances your fire magic.
   It protects you from fire.
   It makes you vulnerable to cold.
   It insulates you from electricity.
   It lets you turn invisible.
 v - an uncursed amulet of rage
 K - an uncursed ring of protection from fire {unknown}
 R - the amulet of Makhleb's Wrath (around neck) {Gourm *Corrode rPois rN+ Dex+4}
   (You found it on level 13 of the Dungeon)

   [amulet of the gourmand]

   It allows you to eat raw meat even when not hungry.
   It affects your dexterity (+4).
   It protects you from poison.
   It protects you from negative energy.
   It may corrode you when you take damage.
 S - the ring "Pufibah" {+Inv rPois rF+ MR- Slay+3, unknown}
   (You found it on level 13 of the Dungeon)

   [ring of slaying]

   It affects your accuracy and damage with ranged weapons and melee attacks
   (+3).
   It protects you from fire.
   It protects you from poison.
   It affects your resistance to hostile enchantments.
   It lets you turn invisible.
 T - the ring of Oduirphim {*Corrode rF++ SInv, unknown}
   (You found it on level 13 of the Dungeon)

   [ring of see invisible]

   It greatly protects you from fire.
   It lets you see invisible.
   It may corrode you when you take damage.
Wands
 n - a wand of digging (2)
 C - a wand of acid (12)
 F - a wand of flame (30)
 J - a wand of polymorph (10)
Scrolls
 b - 4 scrolls of enchant armour
 i - 5 scrolls of magic mapping
 q - 6 scrolls of remove curse
 u - a scroll of fog
 x - 2 scrolls of identify
 y - 2 scrolls of amnesia
Potions
 j - 4 potions of brilliance
 k - a potion of agility
 l - a potion of haste
 p - 2 potions of mutation
 r - 2 potions of flight
 s - a potion of berserk rage
 w - a potion of ambrosia
 A - a potion of magic
 B - a potion of invisibility {unknown}
 I - a potion of cancellation
 N - a potion of curing
 P - 2 potions of resistance
Comestibles
 f - 28 rations
 L - 8 chunks of flesh


   Skills:
 - Level 10.0 Fighting
 - Level 14.0 Maces & Flails
 + Level 10.5 Throwing
 - Level 10.0 Armour
 - Level 15.1 Shields
 - Level 5.4 Invocations
 - Level 4.0 Evocations


You had 12 spell levels left.
You didn't know any spells.
Your spell library contained the following spells:

 Spells                   Type           Power        Failure   Level  Hunger
 Corona                   Hex            #......      99%         1    ##.....
 Freeze                   Ice            #...         99%         1    ##.....
 Magic Dart               Conj           #...         99%         1    ##.....
 Blink                    Tloc           N/A          99%         2    ###....
 Call Imp                 Summ           #.......     99%         2    ###....
 Slow                     Hex            #.......     99%         2    ###....
 Throw Frost              Conj/Ice       #.....       99%         2    ###....
 Conjure Flame            Conj/Fire      #.......     100%        3    ####...
 Inner Flame              Hex/Fire       #.......     100%        3    ####...
 Mephitic Cloud           Conj/Pois/Air  #.......     100%        3    ####...
 Ozocubu's Armour         Chrm/Ice       #.......     100%        3    ####...
 Portal Projectile        Hex/Tloc       #.....       100%        3    ####...
 Cause Fear               Hex            #.........   100%        4    #####..
 Leda's Liquefaction      Hex/Erth       #.........   100%        4    #####..
 Summon Ice Beast         Ice/Summ       #.......     100%        4    #####..
 Throw Icicle             Conj/Ice       #.......     100%        4    #####..


Dungeon Overview and Level Annotations

Branches:
Dungeon (15/15)            Temple (0/1) D:6            Lair (0/6) D:8
    Orc (2/2) D:9             Elf (0/3) Orc:2        Vaults (0/5) D:14
 Depths: D:15

Altars:
Ashenzari
Dithmenos
Gozag
Nemelex Xobeh
Okawaru
Qazlal
Trog
Zin
The Shining One

Portals:
Trove: D:10 (give 17 potions of curing)


Innate Abilities, Weirdness & Mutations

You reflexively headbutt those who attack you in melee.
You have a pair of horns on your head.


Message History

The orc knight hits you from afar with a +0 halberd.
* * * LOW HITPOINT WARNING * * *
The golden flame engulfs you but does no damage.
You resist.
The golden flame engulfs the orc warrior!
The orc warrior is severely wounded.
The golden flame engulfs the rust devil.
The rust devil writhes in agony!
The rust devil is lightly wounded.
The golden flame engulfs the orc knight!
The orc knight is moderately wounded.
The golden flame engulfs the orc warrior!
The orc warrior is heavily wounded.
The golden flame engulfs the orc high priest!
The orc high priest is lightly wounded.
The golden flame engulfs the orc warrior.
The orc warrior is lightly wounded.
You hear a shout! x18
The orc warrior hits you with a +0 long sword!!
You die...

............#
..........†....#
o........o.O..........#
.o.....o.o5......)....#
.(o.......3..5.......##
(o.......oo.........#
.o..$...oo.o.......#
#...53..oo))......#
#......3o4@(......#
#.........†.......#
#...........).....#
#.............)...#
#....[))......))..#
#......).....)....#
#o..).............#
#o................#
#o................#


You could see an orc knight, a soul eater, an orc high priest, a rust devil, a
smoke demon, a ynoxinul, an orc sorcerer, 4 orc warriors, an ogre, an orc
wizard, 3 orcs and 3 ufetubi.

Vanquished Creatures
  Nessos (D:14)
  Josephine (D:10)
  A vault guard (D:10)
  Erolcha (D:9)
  Fannar (D:10)
  A hydra (D:13)
  3 centaur warriors
  4 two-headed ogres
  6 unseen horrors
  An orc sorcerer (Orc:2)
  A deep elf mage (D:14)
  12 ugly things
  2 orc knights
  3 manticores
  3 cyclopes
  Maurice (D:9)
  3 centaur zombies
  Joseph (D:8)
  5 centaur skeletons
  An efreet (D:13)
  A tengu conjurer (D:15)
  5 trolls
  A tyrant leech (D:13)
  4 hippogriffs
  A slime creature (D:13)
  A shadow (D:13)
  2 wyverns (D:13)
  A vampire (D:13)
  6 wraiths
  3 hogs (D:8)
  16 humans
  8 yaks
  2 fire elementals (D:13)
  2 hungry ghosts
  Grum (D:9)
  A steam dragon (D:7)
  4 vampire mosquitoes (D:12)
  A warg (Orc:2)
  An acid dragon (D:11)
  A swamp worm (shapeshifter) (D:13)
  2 water moccasins
  A soldier ant (D:13)
  15 orc warriors
  Duvessa (D:5)
  A hornet zombie (D:8)
  A phantom (D:9)
  4 sky beasts
  2 black bears
  4 ice beasts
  5 necrophages
  4 wolves (D:9)
  6 ogres
  5 centaurs
  4 bullfrogs
  Dowan (D:5)
  6 scorpions
  15 killer bees
  6 howler monkeys
  8 crimson imps
  3 bullfrog zombies
  A bullfrog skeleton (D:11)
  10 hounds
  10 orc wizards
  9 orc priests
  A wyvern simulacrum (D:13)
  2 jellies
  Jessica (D:2)
  6 iguanas
  8 worker ants
  A hound zombie (D:10)
  2 hound skeletons
  A howler monkey zombie (D:10)
  3 worker ant zombies
  15 adders
  2 shadow imps (D:6)
  3 adder zombies
  An adder skeleton (D:5)
  5 worms
  2 dart slugs
  8 leopard geckos
  46 orcs
  2 ball pythons
  5 giant cockroaches
  5 goblins
  3 hobgoblins (D:3)
  26 jackals
  8 kobolds
  2 quokkas
  10 bats
  3 frilled lizards
  A jackal skeleton (D:8)
  A leopard gecko skeleton (D:5)
  6 rats
417 creatures vanquished.

Vanquished Creatures (others)
  A human (D:14)
1 creature vanquished.

Grand Total: 418 creatures vanquished

Notes
Turn   | Place    | Note
-------+----------+-------------------------------------------
     0 | D:1      | Noglodyte the Minotaur Fighter began the quest for the Orb.
     0 | D:1      | Reached XP level 1. HP: 19/19 MP: 0/0
   112 | D:1      | Reached XP level 2. HP: 12/26 MP: 1/1
   590 | D:2      | Noticed Jessica
   600 | D:2      | Killed Jessica
   600 | D:2      | Reached XP level 3. HP: 26/31 MP: 2/2
   713 | D:2      | Reached skill level 5 in Maces & Flails
   785 | D:2      | Reached XP level 4. HP: 32/39 MP: 3/3
  1529 | D:3      | Reached XP level 5. HP: 45/45 MP: 4/4
  1819 | D:3      | Found a bloodstained altar of Trog.
  2015 | D:3      | Found a bloodstained altar of Trog.
  2028 | D:3      | Found a glowing golden altar of the Shining One.
  2031 | D:3      | Found an opulent altar of Gozag.
  2041 | D:3      | Found a sparkling altar of Nemelex Xobeh.
  2142 | D:3      | Became a worshipper of the Shining One
  2248 | D:4      | Reached XP level 6. HP: 51/51 MP: 5/5
  2311 | D:4      | Found an iron altar of Okawaru.
  2367 | D:4      | Found a stormy altar of Qazlal.
  2981 | D:5      | Entered Level 5 of the Dungeon
  2981 | D:5      | Noticed a sky beast
  2991 | D:5      | Killed a sky beast
  3007 | D:5      | Reached XP level 7. HP: 52/57 MP: 6/6
  3278 | D:5      | Noticed Duvessa
  3278 | D:5      | Noticed Dowan
  3288 | D:5      | Killed Duvessa
  3302 | D:5      | Killed Dowan
  3302 | D:5      | Reached skill level 10 in Maces & Flails
  3622 | D:5      | Reached * piety under the Shining One
  3896 | D:6      | Found a glowing silver altar of Zin.
  4045 | D:6      | Found a staircase to the Ecumenical Temple.
  4078 | D:6      | Found a shadowy altar of Dithmenos.
  4526 | D:7      | Noticed a steam dragon
  4535 | D:7      | Killed a steam dragon
  4535 | D:7      | Reached XP level 8. HP: 31/64 MP: 7/7
  5270 | D:7      | Noticed a troll
  5278 | D:7      | Killed a troll
  5598 | D:7      | Noticed a hippogriff
  5611 | D:7      | Killed a hippogriff
  5611 | D:7      | Reached XP level 9. HP: 49/70 MP: 8/8
  5918 | D:8      | Reached ** piety under the Shining One
  5943 | D:7      | Reached skill level 4 in Shields
  6007 | D:7      | Reached skill level 5 in Shields
  6151 | D:8      | Reached skill level 6 in Shields
  6207 | D:8      | Reached skill level 7 in Shields
  6271 | D:8      | Reached skill level 8 in Shields
  6336 | D:8      | Noticed Joseph
  6405 | D:8      | Reached skill level 9 in Shields
  6720 | D:8      | Reached skill level 10 in Shields
  6720 | D:8      | Reached XP level 10. HP: 72/77 MP: 9/9
  6784 | D:8      | Found a staircase to the Lair.
  6808 | D:8      | Killed Joseph
  6808 | D:8      | Reached skill level 11 in Shields
  6907 | D:8      | Noticed a manticore
  7050 | D:8      | Killed a manticore
  7123 | D:9      | Reached *** piety under the Shining One
  7141 | D:9      | Reached skill level 12 in Shields
  7144 | D:9      | Found a staircase to the Orcish Mines.
  7205 | D:9      | Noticed Maurice
  7234 | D:9      | Killed Maurice
  7461 | D:9      | Noticed Erolcha
  7465 | D:9      | Reached skill level 13 in Shields
  7465 | D:9      | HP: 3/77 [acid (11)]
  7896 | D:9      | Noticed Grum
  7917 | D:9      | Killed Grum
  8939 | D:9      | Killed Erolcha
  8939 | D:9      | Reached skill level 14 in Shields
  8939 | D:9      | Reached XP level 11. HP: 48/82 MP: 10/10
  9094 | D:10     | Entered Level 10 of the Dungeon
  9124 | D:10     | Noticed Fannar
  9406 | D:10     | Killed Fannar
  9624 | D:10     | Noticed a centaur warrior
  9632 | D:10     | Killed a centaur warrior
  9632 | D:10     | Reached skill level 15 in Shields
  9830 | D:10     | Reached skill level 1 in Invocations
  9926 | D:10     | Reached skill level 1 in Evocations
  9934 | D:10     | Noticed Josephine
  9934 | D:10     | Reached **** piety under the Shining One
  9949 | D:10     | Killed Josephine
 10155 | D:9      | Identified a scroll of acquirement
 10438 | D:10     | Noticed a vault guard
 10462 | D:10     | Killed a vault guard
 10469 | D:10     | Found a portal to a secret trove of treasure.
 11194 | D:11     | Reached skill level 5 in Fighting
 11194 | D:11     | Reached skill level 5 in Armour
 11693 | D:12     | Noticed an unseen horror
 11701 | D:12     | Killed an unseen horror
 11875 | D:12     | Noticed a green ugly thing
 11884 | D:12     | Killed a green ugly thing
 11884 | D:12     | Reached XP level 12. HP: 87/96 MP: 14/14
 11954 | D:12     | Noticed a two-headed ogre
 12021 | D:12     | Killed a two-headed ogre
 12249 | D:12     | Reached ***** piety under the Shining One
 12472 | D:12     | Noticed a two-headed ogre
 12477 | D:12     | Killed a two-headed ogre
 12841 | D:13     | Found a gate leading to a gauntlet.
 12928 | D:13     | Reached skill level 1 in Throwing
 12931 | D:13     | Noticed a centaur warrior
 12981 | D:13     | Noticed a four-headed hydra
 12983 | D:13     | a four-headed hydra changed into a tyrant leech
 13006 | D:13     | HP: 1/104 [cyclops (20)]
 13026 | D:13     | Killed a centaur warrior
 13479 | D:13     | Reached skill level 5 in Invocations
 13544 | D:13     | Found a shattered altar of Ashenzari.
 13601 | D:13     | Noticed a six-headed hydra
 13609 | D:13     | Killed a six-headed hydra
 13935 | D:13     | Got a clouded bronze ring
 13938 | D:13     | Got a brightly glowing brass amulet
 13940 | D:13     | Identified the ring of Zuogicuy {Fire +Inv rElec} (You
                  | found it on level 13 of the Dungeon)
 13942 | D:13     | Identified the amulet of Makhleb's Wrath {Gourm *Corrode
                  | rPois rN+ Dex+4} (You found it on level 13 of the Dungeon)
 13949 | D:13     | Got a clouded pewter ring
 13952 | D:13     | Got a crude ivory ring
 14119 | D:13     | Reached skill level 10 in Fighting
 14119 | D:13     | Reached skill level 10 in Armour
 14155 | D:13     | Reached XP level 13. HP: 96/113 MP: 16/16
 14249 | D:14     | Noticed Nessos
 14774 | D:14     | Found a gate to the Vaults.
 14814 | D:13     | Reached skill level 5 in Throwing
 15346 | D:14     | Killed Nessos
 15860 | D:15     | Entered Level 15 of the Dungeon
 16804 | Orc:1    | Entered Level 1 of the Orcish Mines
 16911 | Orc:2    | Entered Level 2 of the Orcish Mines
 16918 | Orc:2    | Reached ****** piety under the Shining One
 16988 | Orc:2    | Reached skill level 10 in Throwing
 16994 | Orc:2    | Found a staircase to the Elven Halls.
 17068 | Orc:2    | HP: 5/113 [orc knight/+0 halberd (6)]
 17069 | Orc:2    | Annihilated by an orc warrior

Skill      XL: |  1  2  3  4  5  6  7  8  9 10 11 12 13 |
---------------+----------------------------------------+-----
Maces & Flails | 3 4 5 6 7 9 11 13 14 | 14.0
Shields        | 10 14 15 | 15.1
Invocations    | 4 5 |  5.4
Evocations     | 4 |  4.0
Fighting       | 6 10 | 10.0
Armour         | 6 10 | 10.0
Throwing       | 3 10 | 10.5

Action                   |  1- 3 |  4- 6 |  7- 9 | 10-12 | 13-15 || total
-------------------------+-------+-------+-------+-------+-------++-------
Melee: Flail             |    83 |   216 |   313 |   730 |   288 ||  1630
       Headbutt          |    12 |    33 |    44 |   155 |    84 ||   328
Throw: Tomahawk          |       |       |       |       |     3 ||     3
Invok: Cleansing Flame   |       |       |       |     1 |     4 ||     5
       Divine Shield     |       |       |       |       |     1 ||     1
Evoke: Wand              |       |       |       |     4 |     2 ||     6
  Use: Scroll            |       |     3 |     8 |    17 |     9 ||    37
       Potion            |       |       |     6 |     2 |     5 ||    13
  Eat: Chunk             |       |     7 |     8 |    20 |    12 ||    47
       Ration            |       |       |     1 |     2 |     2 ||     5
Armor: Plate armour      |    64 |   124 |   188 |   256 |   103 ||   735
       Scale mail        |     3 |       |       |       |       ||     3
Dodge: Dodged            |    16 |    37 |    47 |   114 |    53 ||   267
Block: Shield            |    49 |    98 |   163 |   381 |   204 ||   895
